 Dungeon Crawl Stone Soup version 0.32-a0-876-gcfddb08e57 (webtiles) character file.

Game seed: 3548403044859644718

3313 smashvw the Caller (level 9, -1/62 HPs)
             Began as a Demigod Air Elementalist on Mar 31, 2024.
             Slain by an ice beast (13 damage)
             ... on level 8 of the Dungeon on Apr 1, 2024.
             The game lasted 00:22:08 (11410 turns).

smashvw the Caller (Demigod Air Elementalist)      Turns: 11410, Time: 00:22:08

Health: -1/62      AC:  7    Str:  9    XL:     9   Next: 43%
Magic:  0/23       EV: 11    Int: 29    God:
Gold:   493        SH:  0    Dex: 14    Spells: 11/22 levels left

rFire   . . .        l - +2 dagger (venom)
rCold   . . .        (no shield)
rNeg    . . .        z - +0 steam dragon scales
rPois   .            n - +0 helmet
rElec   .            (no cloak)
rCorr   .            u - +0 pair of gloves
SInv    .            (no boots)
Will    .....        (no amulet)
Stlth   ++           (no ring)
HPRegen 0.30/turn    (no ring)
MPRegen 0.18/turn

%: no passive effects
@: swift, very quick
A: high MP 1, forlorn, divine attributes
a: no special abilities


You were on level 8 of the Dungeon.
You visited 1 branch of the dungeon, and saw 8 of its levels.
You also visited: Sewer.

You collected 493 gold pieces.

Inventory:

Hand Weapons
 l - a +2 dagger of venom (weapon)
Missiles
 v - a throwing net
Armour
 a - a +0 robe
 n - a +0 helmet (worn)
 u - a +0 pair of gloves (worn)
 z - +0 steam dragon scales (worn)
Jewellery
 s - a ring of ice
Wands
 o - a wand of digging (8)
 A - a wand of paralysis (6)
Scrolls
 d - 2 scrolls of fear {unknown}
 g - a scroll of fog {unknown}
 i - a scroll of poison {unknown}
 j - a scroll of amnesia {unknown}
 k - 3 scrolls of teleportation {unknown}
 m - 7 scrolls of identify {unknown}
 w - a scroll of vulnerability {unknown}
 x - 3 scrolls of noise {unknown}
 y - a scroll of enchant armour {unknown}
Potions
 b - a potion of magic
 c - 2 potions of attraction {unknown}
 e - 3 potions of heal wounds {unknown}
 f - 2 potions of enlightenment
 h - 3 potions of haste
 p - a potion of cancellation {unknown}
 q - 2 potions of resistance {unknown}
 r - a potion of curing
 t - 3 potions of ambrosia {unknown}
 B - a potion of mutation {unknown}


   Skills:
 - Level 1.7 Dodging
 - Level 1.7 Stealth
 + Level 7.2 Spellcasting
 - Level 2.0 Conjurations
 + Level 7.3 Summonings
 - Level 0.3 Necromancy
 - Level 7.0 Air Magic


You had 11 spell levels left.
You knew the following spells:

 Your Spells              Type           Power      Damage    Failure   Level
a - Shock                 Conj/Air       100%       1d9       1%          1
b - Swiftness             Air            50%        N/A       1%          3
c - Summon Ice Beast      Ice/Summ       31%        N/A       3%          3
d - Airstrike             Air            25%        2d(4-20)  2%          4

Your spell library contained the following spells:

 Spells                   Type           Power      Damage    Failure   Level
 Static Discharge         Conj/Air       72%        3-6/arc   1%          2
 Summon Mana Viper        Hex/Summ       31%        N/A       30%         5
 Monstrous Menagerie      Summ           26%        N/A       90%         7


Dungeon Overview and Level Annotations

Branches:
Dungeon (8/15)             Temple (0/1) D:7           Sewer (visited)
   Lair: D:8-11

Shops:
D:5 (   D:7 *:


Innate Abilities, Weirdness & Mutations

You have an increased reservoir of magic. (+10% MP)
You shall have no god before yourself.
Your divine heritage dramatically boosts your attributes as you level up.


Message History

Press: ? - help, Dir - move target, f/p - centaur
Aim: a centaur (heavily wounded, empty space bonus: 1/8)
The air twists around and strikes the centaur!
The centaur is severely wounded.
The centaur hits you.
* * * LOW HITPOINT WARNING * * *
The centaur kicks you but does no damage.
Casting: Airstrike (dangerous; 2% risk of failure)
Confirm with . or Enter, or press ? or * to list all spells.
Aiming: Airstrike (dangerous; 2% risk of failure)
Press: ? - help, Dir - move target, f/p - centaur
Aim: a centaur (severely wounded, empty space bonus: 1/8)
The air twists around and strikes the centaur but does no damage.
The centaur barely misses you.
The centaur kicks you but does no damage.
The centaur hits you.
* * * LOW HITPOINT WARNING * * *
The centaur kicks you.
* * * LOW HITPOINT WARNING * * *
Casting: Airstrike (dangerous; 2% risk of failure)
Confirm with . or Enter, or press ? or * to list all spells.
Aiming: Airstrike (dangerous; 2% risk of failure)
Press: ? - help, Dir - move target, f/p - centaur
Aim: a centaur (severely wounded, empty space bonus: 1/8)
The air twists around and strikes the centaur!
You kill the centaur!
Okay, then.
Casting: Airstrike (dangerous; 2% risk of failure)
Confirm with . or Enter, or press ? or * to list all spells.
You don't have enough magic to cast this spell.
The ice beast attacks as it pursues you!
The ice beast hits you but does no damage.
The ice beast attacks as it pursues you!
The ice beast barely misses you.
Casting: Airstrike (dangerous; 2% risk of failure)
Confirm with . or Enter, or press ? or * to list all spells.
You feel quick. The ice beast hits you.
* * * LOW HITPOINT WARNING * * *
The ice beast freezes you!
You die...

#.........# ≈≈≈Y.
#.........# .Y.
#.........# ###c#
#.........# #...#
#.........# #.###
#.........########.#
#........<##.....).#
#........)...#######
########).@Y........
#..########### ##.##
##### . #...#
####...####.#
###.###........#..#
) #o##......._.#[# .
#.##.[.........# .
#o##.....⌠.....##. .
#.##.............. .


You could see an ice beast.

Vanquished Creatures
  A wyvern (D:7)
  A steam dragon (D:7)
  A water moccasin (D:7)
  2 orc warriors (D:8)
  A black bear (D:6)
  2 ogres
  2 wolves (D:8)
  4 centaurs
  2 phantoms
  A bullfrog (D:7)
  2 kobold brigands (Sewer)
  2 brain worms (Sewer)
  6 scorpions
  4 wights (D:6)
  3 bombardier beetles
  4 hounds
  An orc priest (D:5)
  A gnoll bouda (D:6)
  5 orc wizards
  A sleepcap (D:6)
  4 gnolls (D:6)
  2 river rats (Sewer)
  14 adders
  5 dart slugs
  5 ribbon worms
  34 orcs
  4 endoplasms
  8 giant cockroaches
  4 goblins
  7 hobgoblins
  2 jackals (Sewer)
  15 kobolds
  2 quokkas
  13 ball pythons
  15 bats
  3 frilled lizards (D:1)
  8 rats
191 creatures vanquished.

Vanquished Creatures (collateral kills)
  A kobold brigand (Sewer)
  A jelly (D:4)
  2 orc priests (D:5)
  An orc (D:5)
  A rat (Sewer)
6 creatures vanquished.

Grand Total: 197 creatures vanquished

Notes
Turn   | Place    | Note
-------+----------+-------------------------------------------
     0 | D:1      | smashvw the Demigod Air Elementalist began the quest for
                  | the Orb.
     0 | D:1      | Reached XP level 1. HP: 14/14 MP: 5/5
    35 | D:1      | Reached skill level 1 in Conjurations
   302 | D:1      | Reached XP level 2. HP: 20/20 MP: 5/7
  1646 | D:2      | Reached XP level 3. HP: 26/26 MP: 5/9
  2663 | D:3      | Reached skill level 1 in Summonings
  2748 | D:2      | Reached XP level 4. HP: 18/33 MP: 3/10
  3129 | D:3      | Learned a level 3 spell: Swiftness
  3488 | D:3      | Reached XP level 5. HP: 38/38 MP: 8/12
  4379 | D:4      | Found a glowing drain.
  4475 | Sewer    | Entered a sewer
  4488 | Sewer    | Reached XP level 6. HP: 45/45 MP: 4/14
  4580 | Sewer    | Learned a level 3 spell: Summon Ice Beast
  5132 | Sewer    | HP: 1/45 [poisoned by a kobold brigand (curare-tipped
                  | dart)]
  5135 | Sewer    | Reached XP level 7. HP: 14/50 MP: 6/16
  5975 | D:4      | Reached skill level 5 in Air Magic
  6541 | D:4      | Learned a level 4 spell: Airstrike
  6577 | D:5      | Entered Level 5 of the Dungeon
  7505 | D:5      | Reached skill level 5 in Spellcasting
  7605 | D:5      | Found Jegaobb's Weapon Boutique.
  7710 | D:6      | Reached skill level 5 in Summonings
  7799 | D:6      | Reached XP level 8. HP: 57/57 MP: 14/19
  9742 | D:7      | Reached XP level 9. HP: 15/62 MP: 13/22
 10027 | D:7      | Found a staircase to the Ecumenical Temple.
 10083 | D:7      | Found Suive's Self-Published Books.
 10102 | D:7      | Found Bmazuell's Bounteous Boutique.
 11410 | D:8      | Slain by an ice beast

Illustrated notes

Levels and vault maps discovered:
D:1:      onia_arrival_handbag, layout_loops_ring
D:2:      layout_basic, basic_altar, nrook_mini_vaults, minmay_surrounded
D:3:      layout_loops_ring, good_gods_mini_temple,
          mainiacjoe_overflow_alcove_2, shapermc_ecumenical_altar_gd,
          dk_vineyard_2, chequers_serial_rivers_small_a
D:4:      layout_gridville, trog_hazing_becter, mainiacjoe_overflow_catwalk,
          cheibrodos_sewer_entry_drain
D:5:      layout_loops_corners, old_standard_altar, serial_shops,
          kennysheep_mini
D:6:      old_forge, layout_loops_ring, mainiacjoe_overflow_tiny_flanked
D:7:      layout_layer_cave, nicolae_ru_path_of_blood,
          minmay_temple_entry_water_ring, nicolae_alphabet_shops,
          nicolae_custom_books
D:8:      layout_rooms, nicolae_uskayaw_suspiria, grunt_temple_overflow_open,
          minmay_circle_x, uniq_grum, uniq_joseph

Skill      XL: |  1  2  3  4  5  6  7  8  9 |
---------------+----------------------------+-----
Conjurations   | 1 2 |  2.0
Spellcasting   | 2 3 4 5 6 7 |  7.2
Air Magic      | 3 4 5 6 7 |  7.0
Summonings     | 1 2 3 5 6 7 |  7.3
Dodging        | |  1.7
Stealth        | |  1.7
Necromancy     | |  0.3

Action                     |  1- 3 |  4- 6 |  7- 9 || total
---------------------------+-------+-------+-------++-------
  Melee: Unarmed           |    12 |       |       ||    12
         Halberd           |     6 |     5 |       ||    11
         Dagger            |       |    41 |    15 ||    56
   Cast: Shock             |   140 |   126 |   310 ||   576
         Swiftness         |       |     1 |     2 ||     3
         Summon Ice Beast  |       |     2 |     9 ||    11
         Airstrike         |       |       |    21 ||    21
    Use: Potion            |       |     3 |       ||     3
 Armour: Robe              |    43 |    73 |    72 ||   188
         Steam dragon scal |       |       |    26 ||    26
  Dodge: Dodged            |    32 |    66 |    75 ||   173

Table legend: (Time is in decaauts)
 A = Elapsed time spent in this place.
 B = Non-inter-level travel time spent in this place.
 C = Inter-level travel time spent in this place.
 D = Time resting spent in this place.
 E = Time spent auto-exploring this place.
 F = Levels seen in this place.
 G = Mean time per level.
                   A        B        C        D        E       F      G
               +--------+--------+--------+--------+--------+-----+--------+
         Total |  11565 |  11130 |    435 |   1149 |   8581 |   9 | 1285.0 |
       Dungeon |  10308 |   9873 |    435 |   1035 |   7597 |   8 | 1288.5 |
         Sewer |   1256 |   1256 |      0 |    114 |    983 |   1 | 1256.0 |
               +--------+--------+--------+--------+--------+-----+--------+

Top non-repeatable levels by time:
     D:6: 1780 daAuts
     D:2: 1578 daAuts
     D:7: 1471 daAuts
     D:1: 1445 daAuts
     D:3: 1272 daAuts
   Sewer: 1256 daAuts
     D:4: 1178 daAuts
     D:5: 1112 daAuts
     D:8: 469 daAuts
